Map: [ESL] Altitude

Players

ShoWTimE

  • Race: Protoss Protoss
  • League: Grandmaster
  • Spawn Location: 7:00

Reynor - Winner!

  • Race: Zerg Zerg
  • League: Master
  • Spawn Location: 1:00

Event: HomeStory Cup XXIII

VOD

Have the link to the VOD?

Description

Time

  • Played on: July 2, 2023, 1:25 p.m.
  • Length: 16:34

All games in this series

Show
View Real Time Build Order
Export as new Build Order

ShoWTimE Protoss 

Build Orders: 1 Gate Expand, Oracle Opening, Zealot Archon, Archon Drop 

Get SALT Encoding   

  12  0:00  Probe  
  13  0:12  Probe  
  14  0:17  Pylon  
  14  0:24  Probe (Chrono Boost)  
  15  0:36  Probe (Chrono Boost)  
  15  0:38  Gateway  
  16  0:45  Probe (Chrono Boost)  
  16  0:47  Assimilator  
  17  0:51  Probe  
  18  1:03  Probe  
  19  1:15  Probe  
  20  1:26  Nexus  
  20  1:37  Cybernetics Core  
  20  1:41  Probe  
  20  1:46  Assimilator  
  21  1:53  Probe  
  22  1:56  Pylon  
  22  2:05  Probe (Chrono Boost)  
  23  2:14  Adept  
  25  2:17  Probe (Chrono Boost)  
  25  2:20  Stargate  
  26  2:24  Probe (Chrono Boost)  
  26  2:27  Warp Gate  
  27  2:34  Probe (Chrono Boost)  
  28  2:38  Probe (Chrono Boost)  
  30  2:47  Probe (Chrono Boost), Stalker  
  30  2:48  Probe (Chrono Boost)  
  33  2:52  Probe (Chrono Boost)  
  33  2:55  Probe  
  35  3:00  Oracle (Chrono Boost)  
  35  3:04  Probe  
  39  3:07  Probe  
  39  3:12  Pylon  
  40  3:16  Probe  
  40  3:18  Adept  
  44  3:20  Probe  
  44  3:26  Gateway  
  44  3:28  Probe  
  44  3:32  Probe, Oracle (Chrono Boost)  
  46  3:41  Probe  
  50  3:44  Probe  
  51  3:56  Nexus  
  51  4:01  Probe x2, Pylon  
  53  4:08  Assimilator  
  53  4:11  Assimilator  
  53  4:13  Probe  
  53  4:16  Forge  
  54  4:19  Probe  
  54  4:20  Twilight Council  
  55  4:25  Probe  
  55  4:31  Probe  
  57  4:35  Robotics Facility  
  57  4:37  Probe  
  58  4:42  Pylon  
  58  4:43  Probe  
  59  4:46  Protoss Ground Weapons Level 1 (Chrono Boost)  
  59  4:49  Probe  
  60  4:55  Probe, Charge (Chrono Boost), Gateway  
  60  4:56  Gateway  
  61  5:01  Probe  
  62  5:07  Probe  
  62  5:09  Probe, Gateway  
  62  5:13  Probe  
  65  5:15  Gateway  
  65  5:19  Probe, Templar Archives  
  66  5:24  Warp Prism (Chrono Boost)  
  66  5:25  Probe  
  69  5:30  Probe  
  69  5:31  Probe  
  69  5:33  Zealot  
  73  5:37  Zealot  
  73  5:39  Probe  
  73  5:42  Probe  
  75  5:43  Probe  
  75  5:44  Pylon  
  75  5:48  Pylon  
  76  5:51  Probe  
  76  5:54  Probe  
  76  5:55  Probe, Assimilator  
  79  5:58  Assimilator  
  79  6:00  High Templar x3  
  79  6:02  High Templar  
  79  6:03  Probe  
  79  6:04  Observer  
  89  6:06  Probe  
  89  6:08  Probe  
  91  6:13  Archon x2  
  91  6:15  Probe, Shield Battery  
  91  6:17  Pylon  
  93  6:18  Probe  
  93  6:19  Zealot x2  
  93  6:20  Probe  
  98  6:29  Pylon, Robotics Bay  
  98  6:31  Probe, Protoss Ground Weapons Level 2 (Chrono Boost)  
  99  6:41  Zealot  
  99  6:42  Zealot x2  
  105  6:57  Pylon  
  105  6:59  Nexus  
  105  7:01  Probe x2  
  105  7:02  Probe  
  105  7:05  Pylon  
  106  7:10  Pylon  
  106  7:12  Gateway  
  106  7:13  Probe  
  107  7:16  Disruptor (Chrono Boost), Gateway  
  107  7:17  Photon Cannon  
  107  7:19  Photon Cannon  
  107  7:21  Photon Cannon  
  107  7:22  High Templar x4  
  118  7:23  Shield Battery  
  118  7:27  Archon x2  
  118  7:34  Gateway  
  118  7:36  Gateway  
  118  7:40  Probe, Gateway x2  
  118  7:41  Probe  
  118  7:42  Probe  
  121  7:45  Disruptor (Chrono Boost)  
  121  7:49  Assimilator  
  124  7:53  Assimilator  
  124  7:56  Photon Cannon  
  124  8:00  Photon Cannon  
  124  8:01  Gateway  
  124  8:02  Shield Battery  
  124  8:03  Probe x3  
  127  8:07  Pylon  
  127  8:13  Photon Cannon  
  127  8:15  High Templar x4, Disruptor (Chrono Boost)  
  127  8:18  Archon x2  
  138  8:22  Shield Battery  
  138  8:24  Pylon  
  138  8:27  Pylon  
  138  8:33  Zealot x3  
  144  8:38  Disruptor (Chrono Boost)  
  144  8:39  High Templar x2  
  151  8:43  Archon  
  144  8:51  Zealot x6  
  131  8:58  Protoss Ground Weapons Level 3 (Chrono Boost)  
  127  9:06  Disruptor (Chrono Boost), High Templar x2  
  127  9:07  Zealot  
  136  9:12  Archon, Photon Cannon  
  136  9:14  Photon Cannon  
  136  9:16  Shield Battery  
  136  9:25  Zealot x9  
  154  9:32  Disruptor (Chrono Boost)  
  157  9:46  High Templar x2  
  157  9:47  Zealot x5  
  157  9:50  Archon  
  165  9:59  Probe x2  
  145  10:00  Probe, Disruptor  
  145  10:04  Zealot x6  
  145  10:06  Probe  
  143  10:12  Pylon  
  141  10:16  Pylon  
  141  10:18  Pylon  
  141  10:19  High Templar x3  
  147  10:27  High Templar, Archon  
  149  10:31  Gateway  
  149  10:32  Archon  
  149  10:39  Gateway  
  149  10:42  High Templar x3  
  149  10:43  High Templar  
  149  10:45  Gateway  
  149  10:47  Archon x2, Photon Cannon  
  157  10:50  Photon Cannon  
  157  10:54  Pylon  
  157  11:01  Zealot x4  
  157  11:02  Zealot  
  161  11:05  Probe  
  161  11:08  Probe x3  
  146  11:17  Probe, Gateway  
  147  11:18  Gateway  
  147  11:20  Probe x3  
  147  11:23  Zealot  
  151  11:29  Probe, High Templar x4  
  151  11:30  Zealot x4  
  168  11:33  Protoss Shields Level 1 (Chrono Boost), Archon x2  
  168  11:37  Probe x3  
  171  11:41  Probe  
  171  11:45  High Templar x2  
  176  11:49  Probe x3, Archon  
  176  11:53  Probe  
  180  11:56  Zealot x4  
  188  12:01  Probe x3  
  188  12:09  Pylon  
  188  12:15  Gateway  
  188  12:17  Pylon  
  188  12:18  Zealot x4  
  188  12:22  Zealot x6  
  168  12:42  High Templar x5  
  168  12:43  High Templar x3, Immortal (Chrono Boost)  
  176  12:44  Pylon, Zealot x4  
  176  12:47  Nexus, Archon x3  
  176  12:48  Archon  
  188  12:53  Pylon  
  188  12:54  Probe  
  189  13:03  Zealot  
  191  13:07  Probe x2  
  185  13:13  Zealot x5  
  193  13:25  Zealot x8  
  161  13:34  Zealot x3  
  161  13:35  Disruptor (Chrono Boost), Zealot x2  
  161  13:38  Protoss Ground Armor Level 1  
  163  13:47  Nexus  
  163  13:53  Zealot x3  
  163  13:54  Zealot x7  
  163  13:55  Zealot x3  
  189  14:03  Nexus  
  189  14:04  Disruptor (Chrono Boost)  
  192  14:11  Pylon  
  154  14:26  Zealot x11  
  176  14:32  Photon Cannon  
  148  14:46  Zealot x7  
  148  14:49  Disruptor (Chrono Boost)  
  150  14:54  Zealot x2  
  136  15:02  High Templar x5  
  136  15:06  Archon x2  
  109  15:15  High Templar x7  
  109  15:18  Disruptor (Chrono Boost)  
  109  15:20  Archon x3  
  122  15:21  Archon  
  122  15:29  High Templar x2  
  126  15:36  Archon  
  124  15:42  Zealot  
  124  15:43  Zealot x4  
  132  15:55  Zealot x6  
  123  16:05  Zealot x6  
  120  16:18  Zealot x4  
  109  16:25  Zealot  
  94  16:26  Zealot x5  
Show
View Real Time Build Order
Export as new Build Order

Reynor Zerg - Winner!

Build Orders: Hatch First 

Get SALT Encoding   

  12  0:00  Drone  
  13  0:11  Overlord  
  13  0:17  Drone  
  14  0:30  Drone x2  
  16  0:49  Hatchery  
  15  0:52  Drone  
  15  0:56  Drone  
  17  1:00  Drone  
  18  1:11  Extractor  
  18  1:15  Spawning Pool  
  18  1:18  Drone  
  17  1:22  Drone  
  18  1:27  Drone  
  19  1:38  Drone  
  20  1:48  Overlord  
  20  2:02  Queen x2  
  20  2:03  Drone x2  
  26  2:10  Drone  
  26  2:11  Zergling x2  
  28  2:15  Metabolic Boost  
  28  2:20  Drone  
  28  2:22  Drone  
  30  2:31  Drone  
  30  2:33  Drone  
  32  2:43  Hatchery  
  31  2:45  Drone  
  31  2:48  Overlord  
  32  2:56  Queen  
  34  2:58  Drone  
  34  3:00  Drone  
  36  3:06  Queen  
  36  3:08  Drone  
  36  3:11  Drone  
  40  3:14  Overlord  
  40  3:16  Drone  
  40  3:19  Drone  
  42  3:21  Zergling x2  
  42  3:22  Zergling x2  
  44  3:29  Overlord  
  44  3:32  Drone x2  
  44  3:33  Drone  
  47  3:36  Zergling x2  
  48  3:42  Queen  
  48  3:43  Overlord  
  48  3:44  Drone  
  48  3:47  Drone x2  
  53  3:54  Evolution Chamber  
  52  3:55  Spore Crawler  
  52  3:57  Drone  
  52  4:01  Zergling x2  
  52  4:03  Drone x2  
  52  4:06  Queen  
  52  4:09  Drone  
  57  4:10  Spore Crawler  
  57  4:11  Drone  
  57  4:16  Zergling x2  
  58  4:17  Zergling x2  
  58  4:18  Drone x2  
  58  4:19  Drone  
  58  4:24  Drone, Zerg Melee Weapons Level 1  
  62  4:27  Overlord  
  62  4:29  Drone  
  62  4:30  Drone  
  65  4:36  Overlord  
  65  4:40  Drone, Roach Warren  
  65  4:44  Overlord  
  65  4:45  Drone  
  65  4:46  Drone  
  65  4:47  Drone  
  65  4:49  Drone x2  
  65  4:51  Overlord  
  70  4:53  Zergling x4  
  70  4:56  Drone  
  70  4:59  Lair  
  73  5:00  Zergling x2  
  73  5:03  Spore Crawler  
  73  5:04  Drone x2  
  73  5:05  Drone  
  76  5:07  Drone  
  76  5:11  Queen  
  76  5:12  Drone  
  76  5:13  Drone  
  81  5:15  Drone  
  81  5:16  Drone x2  
  81  5:19  Drone  
  81  5:20  Drone  
  86  5:24  Extractor, Drone, Overlord  
  86  5:25  Extractor  
  86  5:26  Extractor  
  86  5:28  Drone x3  
  87  5:33  Drone x2  
  87  5:35  Overlord  
  89  5:43  Drone x2  
  89  5:44  Drone x3  
  89  5:47  Baneling Nest  
  89  5:48  Evolution Chamber  
  89  5:49  Overlord  
  92  5:51  Extractor, Hatchery, Drone  
  92  5:52  Extractor  
  92  5:53  Drone  
  92  5:56  Glial Reconstitution  
  91  6:01  Roach x4  
  99  6:07  Roach x2  
  99  6:10  Zergling x8  
  107  6:15  Zerg Missile Weapons Level 1  
  111  6:18  Roach x2  
  111  6:19  Overlord  
  111  6:22  Drone  
  111  6:23  Zerg Melee Weapons Level 2  
  112  6:27  Roach x2  
  112  6:28  Roach  
  112  6:29  Drone  
  112  6:30  Overseer  
  112  6:31  Drone  
  112  6:32  Drone  
  121  6:36  Zergling x2  
  121  6:37  Overlord  
  121  6:41  Overlord  
  121  6:44  Roach x2  
  121  6:45  Zergling x6  
  127  6:47  Centrifugal Hooks  
  127  6:50  Drone  
  127  6:53  Drone  
  129  6:54  Drone  
  129  6:57  Overlord  
  129  6:58  Drone x3  
  132  7:01  Drone x3  
  132  7:04  Drone  
  132  7:05  Drone  
  134  7:09  Drone  
  134  7:11  Drone  
  136  7:17  Zergling x4  
  136  7:20  Roach  
  136  7:22  Drone  
  141  7:27  Spine Crawler, Spore Crawler  
  141  7:28  Roach, Zergling x2  
  141  7:29  Roach, Zergling x2  
  145  7:30  Overlord  
  145  7:35  Roach, Zergling x4  
  145  7:37  Overlord  
  149  7:38  Zergling x2  
  149  7:41  Zergling x4  
  149  7:43  Hatchery  
  151  7:46  Overlord  
  151  7:47  Zergling x2  
  151  7:50  Zergling x2  
  153  7:52  Zergling x2  
  153  7:53  Overlord  
  153  7:57  Zergling x10  
  153  7:58  Zergling x4  
  161  8:02  Zergling x6  
  161  8:03  Zergling x2  
  165  8:05  Zergling x2  
  165  8:06  Zergling x6  
  165  8:09  Spore Crawler, Baneling x17  
  165  8:10  Zergling x4  
  165  8:11  Ravager x6  
  176  8:15  Zergling x4  
  176  8:17  Baneling x18  
  176  8:19  Baneling x6  
  178  8:20  Overlord  
  178  8:22  Overlord  
  178  8:23  Extractor  
  178  8:24  Zergling x4  
  179  8:29  Zergling x6  
  179  8:30  Zergling x4  
  179  8:31  Overlord  
  179  8:33  Zergling x4  
  179  8:34  Baneling x3  
  186  8:47  Zergling x16  
  182  8:50  Roach  
  182  8:52  Roach x2, Zergling x2  
  182  8:55  Roach x3  
  162  8:56  Zergling x2  
  162  9:00  Zergling x8  
  162  9:01  Zergling x2  
  158  9:04  Roach x2, Zergling x2  
  158  9:09  Baneling x8  
  158  9:10  Zergling x2  
  158  9:15  Zergling x2  
  158  9:16  Zergling x8  
  164  9:17  Baneling x15  
  164  9:18  Baneling x5  
  164  9:19  Roach  
  168  9:24  Roach x3  
  168  9:28  Zergling x6  
  168  9:29  Zergling x2  
  176  9:32  Baneling x6  
  176  9:33  Zergling x4  
  178  9:39  Zergling x12  
  178  9:40  Zergling x2  
  184  9:52  Zergling x28  
  182  9:58  Roach x2, Zergling x8  
  172  10:00  Zergling x4  
  172  10:05  Zergling x2  
  172  10:06  Zergling x6  
  162  10:07  Roach  
  162  10:10  Zergling x2  
  162  10:13  Zergling x2  
  166  10:15  Zergling x4  
  166  10:17  Baneling x10  
  166  10:18  Baneling x18  
  166  10:20  Zergling x2  
  169  10:22  Zergling x4  
  169  10:23  Baneling, Ravager x2  
  169  10:26  Zergling x8  
  176  10:30  Zergling x8  
  177  10:40  Zergling x18  
  186  10:46  Zergling x10, Infestation Pit  
  186  10:48  Roach x2, Zergling x2  
  195  10:50  Zergling x4  
  195  10:53  Zergling x2  
  198  10:58  Zergling x2  
  198  11:00  Zergling x6  
  198  11:01  Zergling x6  
  175  11:05  Zergling x4  
  175  11:09  Roach x4  
  161  11:12  Roach  
  161  11:13  Ravager  
  161  11:16  Roach x4  
  161  11:18  Roach  
  170  11:23  Drone x3  
  170  11:26  Hive  
  170  11:29  Baneling x15  
  170  11:30  Baneling  
  170  11:31  Baneling  
  170  11:32  Zergling x20  
  178  11:37  Roach x3  
  183  11:40  Queen  
  183  11:45  Baneling x8  
  183  11:46  Drone x3  
  183  11:47  Drone x2  
  190  11:49  Extractor  
  190  11:50  Roach  
  182  11:55  Roach x2, Zergling x4  
  182  11:57  Roach x2  
  182  12:00  Zergling x4  
  191  12:06  Baneling x8  
  184  12:08  Zergling x6  
  184  12:11  Zergling x10  
  184  12:12  Overseer  
  184  12:14  Zergling x4  
  191  12:18  Zergling x6  
  179  12:22  Roach x2  
  179  12:23  Roach, Zergling x8  
  179  12:27  Zergling x2  
  179  12:28  Zerg Missile Weapons Level 2  
  178  12:30  Zergling x2  
  178  12:35  Roach x2  
  178  12:38  Roach x2  
  178  12:43  Zergling x4  
  181  12:44  Zergling x4  
  181  12:45  Zergling x2  
  181  12:51  Baneling x22  
  184  12:52  Zergling x14  
  184  12:53  Zergling x2  
  184  12:58  Zergling x4  
  194  13:00  Hatchery  
  194  13:01  Adrenal Glands  
  194  13:03  Zergling x6  
  194  13:05  Zergling x6  
  199  13:11  Zergling x2  
  198  13:20  Zergling x2  
  197  13:30  Roach, Zergling x30  
  177  13:34  Roach x3  
  177  13:35  Zergling x2  
  178  13:42  Baneling x26  
  178  13:44  Roach x2, Zergling x8  
  178  13:46  Zergling x4  
  178  13:48  Roach  
  190  13:53  Zergling x4  
  190  13:55  Zergling x6  
  195  13:58  Zergling x6  
  195  13:59  Spire  
  195  14:02  Zergling x4  
  199  14:08  Baneling x19  
  199  14:15  Zergling x20  
  190  14:18  Roach x2, Zergling x2  
  190  14:22  Roach x3  
  176  14:24  Roach x2  
  176  14:25  Roach x2  
  176  14:28  Roach  
  176  14:29  Roach x3  
  176  14:31  Roach  
  184  14:34  Roach x2  
  170  14:46  Roach  
  170  14:47  Roach x10  
  170  14:52  Roach  
  190  14:54  Queen  
  190  14:59  Roach x2, Zergling x6  
  186  15:03  Roach x2, Zergling x2  
  182  15:16  Zergling x12  
  182  15:18  Zergling x2  
  182  15:21  Zergling x4  
  191  15:23  Zergling x2  
  191  15:25  Ravager x7  
  199  15:30  Zergling x2  
  200  15:40  Zergling x18  
  191  15:44  Hatchery  
  191  15:47  Roach x2, Hatchery, Zergling x2  
  184  15:51  Viper x2  
  184  15:54  Zergling x2  
  184  15:55  Zergling x4  
  184  15:56  Zergling x2  
  193  15:59  Zergling x4  
  193  16:03  Roach x2, Zergling x2  
  178  16:04  Roach  
  178  16:05  Roach, Zergling x2  
  178  16:08  Roach  
  185  16:11  Roach x2  
  185  16:13  Roach  
Tags
 
Add a new tag
Caveats
  • Supply blocks, unpowered buildings, or Contaminate may cause inaccurate times.
  • Supply counts are checked every 10 seconds.